AoeStats
← theanswer5

Scandinavia

510548406Analyzed
1v1 RM · 1d ago on Oct 1, 2026· 29m 59s· 2 players
Game mode
Random Map
Map size
Tiny (2 player)
Population
200
Speed
Normal
Resources
Standard
Victory
Conquest
Starting age
Dark Age
Ending age
Imperial Age
RankedLock teamsTeams togetherTeam positionsShared explorationLock speedFull tech treeHidden civsTurbo modeCheats
Victory
Defeat
🇩🇪 Inca · Germany
1604
+18
🇹🇷 Khmer · Türkiye
1650
-18
Dekodie
7:14 Loom
9:31 Feudal Age
10:16 Champi Runner
10:55 Double-Bit Axe
14:43 Arson
22:47 Forging
25:03 Castle Age
24:05 Fishing Lines
24:29 Scale Mail Armor
25:03 Champi Warrior
26:34 Iron Casting
27:23 Squires
28:07 Chain Mail Armor
theanswer5
5:10 Loom
11:24 Feudal Age
12:27 Double-Bit Axe
16:57 Bloodlines
17:16 Scale Barding Armor
24:51 Castle Age
23:20 Stone Mining
23:26 Fletching
24:50 Gold Mining
25:58 Bodkin Arrow
26:47 Padded Archer Armor
26:51 Fishing Lines
Connection lost

Rejoining the realm…

Still unreachable

The connection could not be restored.

Session expired

The server has moved on; the page needs a fresh start.